 Dungeon Crawl Stone Soup version 0.26-a0-660-gc07710193c (webtiles) character file.

Game seed: 2521286550741707577

2436 pichaelthompson the Shield-Bearer (level 9, -6/74 HPs)
             Began as a Gnoll Fighter on Oct 6, 2020.
             Was a Follower of Ashenzari.
             Mangled by a two-headed ogre
             ... wielding a +0 giant club
              (16 damage)
             ... on level 5 of the Dungeon.
             The game lasted 00:12:56 (6359 turns).

pichaelthompson the Shield-Bearer (Gnoll Fighter)   Turns: 6359, Time: 00:12:58

Health: -6/74      AC: 15    Str: 18    XL:     9   Next: 49%
Magic:  15/15      EV: 12    Int: 11    God:    Ashenzari [*.....]
Gold:   396        SH: 12    Dex: 24    Spells: 16/16 levels left

rFire    . . .     SeeInvis .   a - +0 war axe
rCold    . . .     Faith    .   c - +0 kite shield (curse)
rNeg     . . .     Spirit   .   t - +3 scale mail
rPois    +         Reflect  .   v - +2 hat
rElec    .         Harm     .   q - +0 cloak
rCorr    .         Rampage  .   n - +0 pair of gloves
MR       .....                  (no boots)
Stlth    ++........             (no amulet)
HPRegen  0.22/turn              h - ring of poison resistance
MPRegen  0.14/turn              l - +6 ring of dexterity

@: no status effects
A: distributed training, fangs 1, strong nose
a: Curse Item, Scrying, Renounce Religion


You were on level 5 of the Dungeon.
You worshipped Ashenzari.
Ashenzari was aware of your devotion.
You visited 2 branches of the dungeon, and saw 8 of its levels.

You collected 816 gold pieces.
You spent 420 gold pieces at shops.

Inventory:

Hand Weapons
 a - a +0 war axe (weapon)
 m - the +9 executioner's axe "Nat Ruj" {vorpal, Dex+4}
   (You bought it in a shop on level 5 of the Dungeon)

   It inflicts extra damage upon your enemies.
   It affects your dexterity (+4).
Missiles
 w - 5 boomerangs (quivered)
Armour
 c - a cursed +0 kite shield (worn)
 n - a +0 pair of gloves (worn)
 q - a +0 cloak (worn)
 t - a +3 scale mail (worn)
 v - a +2 hat (worn)
Jewellery
 h - a ring of poison resistance (left hand)
 l - a +6 ring of dexterity (right hand)
Wands
 d - a wand of digging (4)
 u - a wand of flame (7)
 x - a wand of enslavement (14)
Scrolls
 b - a scroll of amnesia
 e - 5 scrolls of magic mapping
 g - 10 scrolls of teleportation
 i - a scroll of holy word {unknown}
 r - a scroll of enchant armour {unknown}
 s - a scroll of enchant weapon {unknown}
 y - a scroll of fog {unknown}
 B - a scroll of remove curse
Potions
 f - 3 potions of lignification
 j - 3 potions of stabbing
 k - 5 potions of curing
 o - a potion of flight
 p - a potion of magic {unknown}
 z - a potion of resistance
 A - a potion of might


   Skills:
 + Level 7.9 Fighting
 + Level 4.3 Short Blades
 + Level 4.3 Long Blades
 + Level 6.3 Axes
 + Level 4.3 Maces & Flails
 + Level 4.3 Polearms
 + Level 4.3 Staves
 + Level 4.3 Slings
 + Level 4.3 Bows
 + Level 4.3 Crossbows
 + Level 4.3 Throwing
 + Level 7.9 Armour
 + Level 4.3 Dodging
 + Level 4.3 Stealth
 + Level 7.9 Shields
 + Level 4.3 Unarmed Combat
 + Level 4.3 Spellcasting
 + Level 3.5 Conjurations
 + Level 3.5 Hexes
 + Level 3.5 Summonings
 + Level 3.5 Necromancy
 + Level 3.5 Translocations
 + Level 3.5 Transmutations
 + Level 3.5 Fire Magic
 + Level 3.5 Ice Magic
 + Level 3.5 Air Magic
 + Level 3.5 Earth Magic
 + Level 3.5 Poison Magic
 + Level 4.7 Invocations
 + Level 4.3 Evocations


You had 16 spell levels left.
You didn't know any spells.
Your spell library contained the following spells:

 Spells                   Type           Power        Failure   Level
 Magic Dart               Conj           ##..         36%         1
 Sandblast                Erth           ##....       36%         1
 Blink                    Tloc           N/A          50%         2
 Call Imp                 Summ           ##......     50%         2
 Passwall                 Tmut/Erth      ##......     50%         2
 Slow                     Hex            ##......     50%         2
 Conjure Flame            Conj/Fire      ##......     73%         3
 Mephitic Cloud           Conj/Pois/Air  ##......     73%         3
 Stone Arrow              Conj/Erth      ##....       73%         3
 Petrify                  Tmut/Erth      ##......     98%         4
 Lee's Rapid Deconstruct  Erth           ##........   100%        5


Dungeon Overview and Level Annotations

Branches:
Dungeon (7/15)             Temple (1/1) D:4

Altars:
Ashenzari
Cheibriados
Dithmenos
Elyvilon
Fedhas
Gozag
Hepliaklqana
Kikubaaqudgha
Makhleb
Nemelex Xobeh
Okawaru
Qazlal
Sif Muna
Trog
Uskayaw
Vehumet
Wu Jian
Xom
Yredelemnul
Zin
The Shining One
Lugonu

Shops:
D:4 [   D:5 (


Innate Abilities, Weirdness & Mutations

Your experience applies equally to all skills.
You have very sharp teeth.
Your uncanny sense of smell can sniff out nearby items.


Message History

Press: ? - help, Shift-Dir - straight line, f/p - two-headed ogre
Aim: a two-headed ogre, wielding two +0 giant clubs (severely wounded)
The puff of flame misses the two-headed ogre.
You block the two-headed ogre's attack.
The two-headed ogre hits you with a +0 giant club!
* * * LOW HITPOINT WARNING * * *
Aiming: Throw Flame
Press: ? - help, Shift-Dir - straight line, f/p - two-headed ogre
Aim: a two-headed ogre, wielding two +0 giant clubs (severely wounded)
The puff of flame hits the two-headed ogre.
The two-headed ogre is severely wounded.
You block the two-headed ogre's attack. The two-headed ogre barely misses you.
Aiming: Throw Flame
Press: ? - help, Shift-Dir - straight line, f/p - two-headed ogre
Aim: a two-headed ogre, wielding two +0 giant clubs (severely wounded)
The puff of flame hits the two-headed ogre.
The two-headed ogre is almost dead.
You block the two-headed ogre's attack.
The two-headed ogre hits you with a +0 giant club!
You die...

.........# ###......#.....#....
..###..#########..###.##.#.......
...................##.##...##....
........########...##.##.####....
......#.#### #........#.####....
...........# #.#................
#....##.##.####.#........########
#....##.##......#..........####..
#....##..##.....@O...........##..
#............#####<##....(.......
#.....###.....####...####....[...
....### #.........##.####........
##############..#..[...........|.
# ##∩## ##...####.####........
#._.## #....# #.# #.>......
#..†.###....# #.# #........
##...##...######.####........


You could see a two-headed ogre.

Vanquished Creatures
  A troll (D:4)
  Eustachio (D:6)
  An acid dragon (D:7)
  Duvessa (D:4)
  An orc warrior (D:7)
  4 ogres
  A black bear (D:3)
  2 ice beasts
  A centaur (D:6)
  2 phantoms (D:6)
  A bullfrog (D:6)
  Dowan (D:4)
  A howler monkey (D:6)
  A quasit (D:7)
  A centaur skeleton (D:6)
  3 hounds
  A bullfrog skeleton (D:6)
  2 orc priests (D:6)
  4 orc wizards
  2 iguanas (D:7)
  4 worker ants
  Ijyb (D:4)
  3 gnolls (D:2)
  6 adders
  A shadow imp (D:4)
  3 white imps
  An ufetubus (D:5)
  An ooze (D:4)
  An adder zombie (D:7)
  An adder skeleton (D:7)
  2 worms
  2 dart slugs
  5 leopard geckos
  18 orcs
  7 bats
  7 giant cockroaches
  7 goblins
  8 hobgoblins
  8 jackals
  4 quokkas
  2 ball pythons
  A ball python skeleton (D:3)
  4 frilled lizards
  2 jackal skeletons
  5 kobolds
  2 leopard gecko zombies (D:5)
  A quokka zombie (D:7)
  5 rats
144 creatures vanquished.

Vanquished Creatures (others)
  8 plants (D:4)
8 creatures vanquished.

Grand Total: 152 creatures vanquished

Notes
Turn   | Place    | Note
-------+----------+-------------------------------------------
     0 | D:1      | pichaelthompson the Gnoll Fighter began the quest for the
                  | Orb.
     0 | D:1      | Reached XP level 1. HP: 23/23 MP: 1/1
   308 | D:1      | Reached XP level 2. HP: 29/29 MP: 2/2
   686 | D:2      | Reached XP level 3. HP: 32/35 MP: 3/3
   825 | D:2      | Reached skill level 1 in Invocations
   915 | D:2      | Reached skill level 1 in Short Blades
   915 | D:2      | Reached skill level 1 in Long Blades
   915 | D:2      | Reached skill level 1 in Maces & Flails
   915 | D:2      | Reached skill level 1 in Polearms
   915 | D:2      | Reached skill level 1 in Staves
   915 | D:2      | Reached skill level 1 in Slings
   915 | D:2      | Reached skill level 1 in Bows
   915 | D:2      | Reached skill level 1 in Crossbows
   915 | D:2      | Reached skill level 1 in Throwing
   915 | D:2      | Reached skill level 1 in Dodging
   915 | D:2      | Reached skill level 1 in Stealth
   915 | D:2      | Reached skill level 1 in Unarmed Combat
   915 | D:2      | Reached skill level 1 in Spellcasting
   915 | D:2      | Reached skill level 1 in Evocations
   915 | D:2      | Reached XP level 4. HP: 41/41 MP: 5/5
  1178 | D:2      | Reached skill level 1 in Conjurations
  1178 | D:2      | Reached skill level 1 in Hexes
  1178 | D:2      | Reached skill level 1 in Summonings
  1178 | D:2      | Reached skill level 1 in Necromancy
  1178 | D:2      | Reached skill level 1 in Translocations
  1178 | D:2      | Reached skill level 1 in Transmutations
  1178 | D:2      | Reached skill level 1 in Fire Magic
  1178 | D:2      | Reached skill level 1 in Ice Magic
  1178 | D:2      | Reached skill level 1 in Air Magic
  1178 | D:2      | Reached skill level 1 in Earth Magic
  1178 | D:2      | Reached skill level 1 in Poison Magic
  1392 | D:3      | Noticed a black bear
  1403 | D:3      | Killed a black bear
  1403 | D:3      | Reached XP level 5. HP: 39/47 MP: 5/7
  1729 | D:3      | Reached XP level 6. HP: 53/53 MP: 8/8
  1772 | D:3      | Found an opulent altar of Gozag.
  2266 | D:4      | Noticed Duvessa
  2268 | D:4      | Noticed Dowan
  2282 | D:4      | Killed Dowan
  2282 | D:4      | Reached skill level 5 in Axes
  2288 | D:4      | Killed Duvessa
  2410 | D:4      | Found a staircase to the Ecumenical Temple.
  2416 | Temple   | Entered the Ecumenical Temple
  2431 | Temple   | Became a worshipper of Ashenzari the Shackled
  2639 | D:4      | Reached XP level 7. HP: 56/60 MP: 10/10
  2742 | D:4      | Noticed Ijyb
  2749 | D:4      | Killed Ijyb
  2980 | D:4      | Found Xaegif's Armour Shoppe.
  3075 | D:5      | Entered Level 5 of the Dungeon
  3095 | D:5      | Found a white marble altar of Elyvilon.
  3148 | D:5      | Found Gefeewn's Antique Weapon Emporium.
  3263 | D:5      | Found a burning altar of Makhleb.
  3320 | D:5      | Found a white marble altar of Elyvilon.
  3321 | D:5      | Found a hazy altar of Hepliaklqana.
  3331 | D:5      | Found a stormy altar of Qazlal.
  3332 | D:5      | Found a hide-covered altar of Uskayaw.
  3333 | D:5      | Found a glowing golden altar of the Shining One.
  3334 | D:5      | Found an ornate altar of the Wu Jian Council.
  3335 | D:5      | Found a glowing silver altar of Zin.
  3336 | D:5      | Found a shimmering altar of Xom.
  3337 | D:5      | Found a bloodstained altar of Trog.
  3339 | D:5      | Found a sparkling altar of Nemelex Xobeh.
  3475 | D:5      | Found a shadowy altar of Dithmenos.
  3480 | D:5      | Found a basalt altar of Yredelemnul.
  3481 | D:5      | Found a blossoming altar of Fedhas.
  3663 | D:6      | Reached XP level 8. HP: 67/67 MP: 12/12
  3680 | D:6      | Identified the +3 leather armour "Bammoorch" {MP+9 Stlth+}
  3942 | D:6      | Noticed Eustachio
  3960 | D:6      | Killed Eustachio
  4184 | D:6      | Reached * piety under Ashenzari
  4414 | D:7      | Reached XP level 9. HP: 73/73 MP: 14/14
  5063 | D:7      | Reached ** piety under Ashenzari
  5368 | D:7      | Noticed a troll
  5387 | D:7      | Noticed an ice dragon
  5818 | D:7      | Noticed a two-headed ogre
  6178 | D:4      | Killed a troll
  6226 | D:5      | Bought a bloodstained executioner's axe for 420 gold pieces
  6226 | D:5      | Identified the +9 executioner's axe "Nat Ruj" {vorpal,
                  | Dex+4} (You bought it in a shop on level 5 of the Dungeon)
  6359 | D:5      | Mangled by a two-headed ogre

Illustrated notes

Levels and vault maps discovered:
D:1:      lightli_arrival_chessboard, layout_basic, hangedman_decor_peaks_small,
          minivault_5
D:2:      layout_basic
D:3:      layout_basic, grunt_gozag_statues
D:4:      wad_lake_hut, layout_rooms, minmay_temple_entry_hall, serial_shops,
          kennysheep_mini, uniq_duvessa, uniq_ijyb
D:5:      layout_rooms, minitemple, makhleb_blood_cavern_becter,
          nicolae_overflow_hidden_temple, serial_shops, nicolae_shop_waterfront,
          basic_altar, kennysheep_nondescript
D:6:      layout_cave_pools, uniq_eustachio
D:7:      minmay_klotski, layout_layer_cave, kennysheep_doodads
Temple:   corrupted_temple

Skill      XL: |  1  2  3  4  5  6  7  8  9 |
---------------+----------------------------+-----
Invocations    | 1 2 3 4 |  4.7
Short Blades   | 1 2 3 4 |  4.3
Long Blades    | 1 2 3 4 |  4.3
Maces & Flails | 1 2 3 4 |  4.3
Polearms       | 1 2 3 4 |  4.3
Staves         | 1 2 3 4 |  4.3
Slings         | 1 2 3 4 |  4.3
Bows           | 1 2 3 4 |  4.3
Crossbows      | 1 2 3 4 |  4.3
Throwing       | 1 2 3 4 |  4.3
Dodging        | 1 2 3 4 |  4.3
Stealth        | 1 2 3 4 |  4.3
Unarmed Combat | 1 2 3 4 |  4.3
Spellcasting   | 1 2 3 4 |  4.3
Evocations     | 1 2 3 4 |  4.3
Conjurations   | 1 2 3 |  3.5
Hexes          | 1 2 3 |  3.5
Summonings     | 1 2 3 |  3.5
Necromancy     | 1 2 3 |  3.5
Translocations | 1 2 3 |  3.5
Transmutations | 1 2 3 |  3.5
Fire Magic     | 1 2 3 |  3.5
Ice Magic      | 1 2 3 |  3.5
Air Magic      | 1 2 3 |  3.5
Earth Magic    | 1 2 3 |  3.5
Poison Magic   | 1 2 3 |  3.5
Axes           | 5 6 |  6.3
Fighting       | 7 |  7.9
Armour         | 7 |  7.9
Shields        | 7 |  7.9

Action                   |  1- 3 |  4- 6 |  7- 9 || total
-------------------------+-------+-------+-------++-------
Melee: War axe           |    63 |   147 |   230 ||   440
       Bite              |     3 |    18 |    44 ||    65
Invok: Curse Item        |       |     1 |       ||     1
Evoke: Wand              |       |       |    10 ||    10
  Use: Scroll            |       |       |    13 ||    13
       Potion            |       |       |     2 ||     2
 Stab: Sleeping          |       |       |     1 ||     1
Armor: Scale mail        |    33 |    59 |    89 ||   181
Dodge: Dodged            |    17 |    55 |   112 ||   184
Block: Kite shield       |    36 |   103 |   168 ||   307

Table legend: (Time is in decaauts)
 A = Elapsed time spent in this place.
 B = Non-inter-level travel time spent in this place.
 C = Inter-level travel time spent in this place.
 D = Time resting spent in this place.
 E = Time spent auto-exploring this place.
 F = Levels seen in this place.
 G = Mean time per level.
                   A        B        C        D        E       F      G
               +--------+--------+--------+--------+--------+-----+--------+
         Total |   6537 |   6472 |     65 |    480 |   4020 |   8 |  817.1 |
       Dungeon |   6485 |   6420 |     65 |    480 |   3991 |   7 |  926.4 |
        Temple |     51 |     51 |      0 |      0 |     29 |   1 |   51.0 |
               +--------+--------+--------+--------+--------+-----+--------+

Top non-repeatable levels by time:
     D:7: 1497 daAuts
     D:3: 1171 daAuts
     D:4: 889 daAuts
     D:6: 802 daAuts
     D:5: 733 daAuts
     D:2: 707 daAuts
     D:1: 684 daAuts
  Temple: 51 daAuts
